 Dungeon Crawl Stone Soup version 0.29.1-4-g47bece8355 (webtiles) character file.

Game seed: 16049328416092801178

487 GigaChad the Chopper (level 7, -2/52 HPs)
             Began as a Djinni Cinder Acolyte on Dec 6, 2022.
             Was a High Priest of Ignis.
             Slain by an iguana (4 damage)
             ... on level 5 of the Dungeon.
             The game lasted 00:08:16 (4599 turns).

GigaChad the Chopper (Djinni Cinder Acolyte)        Turns: 4599, Time: 00:08:16

Health: -2/52      AC: 19    Str: 15    XL:     7   Next: 36%
Gold:   209        EV: 11    Int: 15    God:    Ignis [*****.] SH:  0 Dex:  9

rFire   + + +      SeeInvis .   a - -1 hand axe (flame)
rCold   x . .      Faith    .   (no shield)
rNeg    . . .      Spirit   .   v - +1 chain mail
rPois   ∞          Reflect  .   m - +2 helmet
rElec   .          Harm     .   h - +2 cloak
rCorr   .          Rampage  .   (no gloves)
Will    .....                   (boots unavailable)
Stlth   ..........              (no amulet)
HPRegen 0.17/turn               j - +4 ring of protection
MPRegen 0.00/turn               q - +4 ring of evasion

@: flying
A: sickness immunity, fire resistance 2, cold vulnerability 1, float, innate
caster, HP casting, extra vitality 1
a: Renounce Religion, Fiery Armour, Foxfire Swarm, Rising Flame


You were on level 5 of the Dungeon.
You worshipped Ignis.
Ignis was extremely pleased with you.
You visited 1 branch of the dungeon, and saw 5 of its levels.

You collected 209 gold pieces.

Inventory:

Hand Weapons
 a - a -1 hand axe of flaming (weapon)
Armour
 b - a +0 robe
 h - a +2 cloak (worn)
 m - a +2 helmet (worn)
 v - a +1 chain mail (worn)
Jewellery
 g - a ring of protection from cold
 i - a ring of fire
 j - a +4 ring of protection (left hand)
 q - a +4 ring of evasion (right hand)
 t - a +6 ring of dexterity
 u - a ring of wizardry
Scrolls
 c - 2 scrolls of noise {unknown}
 d - a scroll of brand weapon {unknown}
 e - a scroll of amnesia
 f - 3 scrolls of identify
 k - a scroll of teleportation
 l - 2 scrolls of butterflies
 r - 3 scrolls of fear
Potions
 n - 3 potions of brilliance {unknown}
 o - 2 potions of curing {unknown}
 p - a potion of heal wounds {unknown}
 s - a potion of flight {unknown}


   Skills:
 + Level 4.0 Fighting
 + Level 4.5 Axes
 + Level 2.1 Armour
 + Level 3.0 Dodging
 * Level 1.8 Stealth
 - Level 2.7 Spellcasting


You had 4 spell levels left.
You knew the following spells:

 Your Spells              Type           Power      Damage    Failure   Level
a - Scorch                Fire           20%        2d6       91%         2
b - Necrotise             Necr           40%        1d6       82%         1
c - Passwall              Tmut/Erth      8%         N/A       91%         2
d - Poisonous Vapours     Pois/Air       20%        N/A       91%         2
Your spell library was empty.

Dungeon Overview and Level Annotations

Branches:
Dungeon (5/15)
 Temple: D:4-7

Altars:

Shops:
D:3 (

Annotations:
D:3 2 transporters


Innate Abilities, Weirdness & Mutations

You are immune to sickness and miasma.
You are immune to poison.
Your flesh is very heat resistant. (rF++)
You are vulnerable to cold. (rC-)
You float through the air rather than walking.
You learn spells naturally, not from books.
Your magical power is your life essence.
You have superior vitality. (+4 MHP)


Message History

You see here a scroll of amnesia.
An orc priest comes into view. It is wielding a +0 mace.
The orc priest moves out of view.
The iguana bites you but does no damage.
The iguana barely misses you.
You hit the iguana but do no damage. The iguana closely misses you.
The orc priest calls down the wrath of Beogh upon you.
Beogh smites you!
You closely miss the iguana.
The iguana bites you but does no damage.
You hit the iguana but do no damage. You hit the orc priest.
You burn the orc priest. The iguana bites you.
The orc priest begins to cast a cantrip, but forgets the words!
You closely miss the iguana. You closely miss the orc priest.
The iguana closely misses you.
The orc priest mumbles some strange prayers to Beogh against you.
Pain shoots through your body!
The orc priest mumbles some strange prayers to Beogh against you.
Beogh smites you!
* * * LOW HITPOINT WARNING * * *
The iguana closely misses you. The iguana barely misses you.
The orc priest barely misses you.
You hit the orc priest but do no damage.
The orc priest is heavily wounded.
You barely miss the iguana. The iguana bites you!
* * * LOW HITPOINT WARNING * * *
The orc priest closely misses you.
You hit the orc priest. You burn the orc priest.
The orc priest is severely wounded.
You hit the iguana but do no damage.
The iguana bites you but does no damage.
The orc priest barely misses you.
You barely miss the orc priest.
The orc priest is severely wounded.
You hit the iguana but do no damage. The iguana closely misses you.
The orc priest barely misses you.
You hit the orc priest. You burn the orc priest.
The orc priest is almost dead.
You hit the iguana but do no damage. The iguana bites you.
You die...

.### .. .###
........#####.#
...# .........#....
...# .........#.#.
...# .........#..
...# ...........#
...#. ...........#
......
#....#lo#####.#
......
#......@......#
.......
#.......#######
....... ##....?..##
...#...##.........#
...#..........(...#
...#..............#
...#..............#
...#..............#
...#..............#


You could see an iguana and an orc priest.

Vanquished Creatures
  3 scorpions (D:5)
  A howler monkey (D:3)
  3 hounds (D:5)
  An orc wizard (D:4)
  7 adders
  An ufetubus (D:5)
  3 worms
  2 dart slugs
  8 orcs
  7 ball pythons
  6 bats
  3 endoplasms
  3 giant cockroaches
  7 goblins
  6 hobgoblins
  7 quokkas
  3 frilled lizards
  9 kobolds
  5 rats
  2 butterflies (D:1)
87 creatures vanquished.

Vanquished Creatures (others)
  3 foxfires (D:3)
  2 plants (D:1)
5 creatures vanquished.

Grand Total: 92 creatures vanquished

Notes
Turn   | Place    | Note
-------+----------+-------------------------------------------
     0 | D:1      | GigaChad the Djinni Cinder Acolyte began the quest for the
                  | Orb.
     0 | D:1      | GigaChad set off with the following spells memorised:
                  | Scorch.
     0 | D:1      | Reached XP level 1. HP: 20/20 MP: 0/0
   137 | D:1      | Reached XP level 2. HP: 14/25 MP: 0/0
   663 | D:1      | Found a faded altar of an unknown god.
  1014 | D:1      | Reached XP level 3. HP: 29/30 MP: 0/0
  1014 | D:1      | Learned a level 1 spell: Necrotise
  1566 | D:2      | Reached skill level 1 in Dodging
  1940 | D:2      | Reached XP level 4. HP: 35/35 MP: 0/0
  2113 | D:3      | Found a transporter.
  2118 | D:3      | Found a transporter.
  2471 | D:3      | Reached XP level 5. HP: 40/40 MP: 0/0
  2471 | D:3      | Learned a level 2 spell: Passwall
  2930 | D:3      | Found Joitest's Weapon Shop.
  3707 | D:4      | Reached XP level 6. HP: 41/47 MP: 0/0
  3932 | D:5      | Entered Level 5 of the Dungeon
  3944 | D:5      | Reached skill level 1 in Armour
  3944 | D:5      | Reached skill level 1 in Stealth
  4072 | D:5      | Reached XP level 7. HP: 51/51 MP: 0/0
  4072 | D:5      | Learned a level 2 spell: Poisonous Vapours
  4596 | D:5      | HP: 2/52 [iguana (9)]
  4599 | D:5      | Slain by an iguana

Illustrated notes

Levels and vault maps discovered:
D:1:      spicycebolla_arrival_clurvy, layout_basic,
          hellmonk_ecumenical_altar_inner_sanctum
D:2:      layout_loops_ring
D:3:      gammafunk_wand_slinger, layout_rooms, portal_sewer_entry_e,
          serial_shops, shop
D:4:      layout_rooms
D:5:      layout_basic

Skill      XL: |  1  2  3  4  5  6  7 |
---------------+----------------------+-----
Dodging        | 1 2 3 |  3.0
Axes           | 3 4 |  4.5
Armour         | 1 2 |  2.1
Stealth        | 1 |  1.8
Fighting       | 4 |  4.0
Spellcasting   | |  2.7

Action                   |  1- 3 |  4- 6 |  7- 9 || total
-------------------------+-------+-------+-------++-------
Melee: Hand axe          |   108 |   230 |    67 ||   405
       Punch             |       |     1 |       ||     1
Invok: Foxfire Swarm     |       |     1 |       ||     1
  Use: Scroll            |       |    12 |     1 ||    13
Armor: Robe              |    57 |    46 |       ||   103
       Chain mail        |       |   126 |    39 ||   165
Dodge: Dodged            |    86 |   167 |    60 ||   313
